 Dungeon Crawl Stone Soup version 0.28-a0-683-ga8797d1ae1 (webtiles) character file.

Game seed: 12152137622164788216

67 bande the Covered (level 4, 0/29 HPs)
             Began as a Gargoyle Fighter on Oct 18, 2021.
             Killed from afar by an orc wizard (6 damage)
             ... with a magic dart
             ... on level 4 of the Dungeon.
             The game lasted 00:01:49 (1065 turns).

bande the Covered (Gargoyle Fighter)                Turns: 1065, Time: 00:01:50

Health: 0/29       AC: 13    Str: 20    XL:     4   Next: 16%
Magic:  4/4        EV:  7    Int:  9    God:
Gold:   55         SH:  0    Dex:  9    Spells: 3/3 levels left

rFire   . . .      SeeInvis .   a - +0 war axe
rCold   . . .      Faith    .   c - +0 buckler
rNeg    + . .      Spirit   .   i - +0 chain mail
rPois   ∞          Reflect  .   (no helmet)
rElec   +          Harm     .   (no cloak)
rCorr   +          Rampage  .   (no gloves)
Will    .....                   (no boots)
Stlth   ..........              (no amulet)
HPRegen 0.09/turn               e - ring of resist corrosion
MPRegen 0.09/turn               (no ring)

@: confused, mighty
A: sickness immunity, AC +3, negative energy resistance 1, electricity
resistance, torment resistance 1, petrification resistance
a: no special abilities


You were on level 4 of the Dungeon.
You visited 1 branch of the dungeon, and saw 3 of its levels.

You collected 55 gold pieces.

Inventory:

Hand Weapons
 a - a +0 war axe (weapon)
Armour
 c - a +0 buckler (worn)
 i - a +0 chain mail (worn)
Jewellery
 e - a ring of resist corrosion (left hand)
Scrolls
 h - a scroll of amnesia


   Skills:
 + Level 3.7 Fighting
 + Level 2.8 Axes
 + Level 3.8 Armour
 + Level 3.7 Shields


You had 3 spell levels left.
You didn't know any spells.
Your spell library was empty.

Dungeon Overview and Level Annotations

Branches:
Dungeon (2/15)

Altars:


Innate Abilities, Weirdness & Mutations

You are immune to sickness and miasma.
Your stone body is resilient. (AC +3)
You are immune to poison.
You resist negative energy. (rN+)
You are resistant to electric shocks. (rElec)
You are resistant to unholy torment.
You are immune to petrification.


Message History

You barely miss the kobold brigand. You closely miss the ball python.
The ball python bites you but does no damage.
The ball python barely misses you. The kobold brigand closely misses you.
The ball python barely misses you. The ball python grabs you.
The ball python constricts you.
You miss something. You slash the ball python!
You kill the ball python!
You slash the kobold brigand!
The kobold brigand hits you with a +0 short sword.
* * * LOW HITPOINT WARNING * * *
Something hits you but does no damage.
The kobold brigand hits you with a +0 short sword.
* * * LOW HITPOINT WARNING * * *
The kobold brigand hits you but does no damage.
You see here a ball python corpse.
Unknown command.
You slash something!
Your shield prevents you from hitting the orc.
You slash the kobold brigand! You block something's attack.
The kobold brigand hits you with a +0 short sword.
* * * LOW HITPOINT WARNING * * *
You block the orc's attack. Something hits you but does no damage.
Unknown command.
Your chain mail prevents you from hitting something.
You closely miss the orc.
Your chain mail prevents you from hitting the kobold brigand.
The kobold brigand hits you but does no damage.
The orc hits you but does no damage.
You hear some strange, mumbled words.
You are confused.
The kobold brigand hits you but does no damage.
The orc hits you but does no damage.
Unknown command.
You slash the kobold brigand!
You kill the kobold brigand!
You barely miss something. You barely miss the orc.
You hear some strange, mumbled words.
A magic dart appears from out of thin air!
The magic dart hits you.
You die...

## #.. #.#
#####.## #......
#.....# #.....##
#.##......#.#
#......{@...#
#..#...o).......
#...............
#..........#....
#...##.#.#.# ...
#... ....... ..
#.# ##.#...#. .
#. ..#.#.#..


You could see an orc.

Vanquished Creatures
  A kobold brigand (D:4)
  A worm (D:2)
  2 orcs (D:4)
  2 endoplasms (D:1)
  2 giant cockroaches (D:1)
  5 goblins
  5 hobgoblins
  7 ball pythons
  5 bats
  A frilled lizard (D:2)
  2 kobolds (D:1)
  2 rats (D:1)
35 creatures vanquished.

Vanquished Creatures (others)
  A howler monkey (D:4)
1 creature vanquished.

Grand Total: 36 creatures vanquished

Notes
Turn   | Place    | Note
-------+----------+-------------------------------------------
     0 | D:1      | bande the Gargoyle Fighter began the quest for the Orb.
     0 | D:1      | Reached XP level 1. HP: 14/14 MP: 1/1
   224 | D:1      | Found a faded altar of an unknown god.
   240 | D:1      | Reached XP level 2. HP: 19/19 MP: 2/2
   901 | D:2      | Reached XP level 3. HP: 23/23 MP: 3/3
  1047 | D:2      | You fall into a shaft and drop 2 floors!
  1053 | D:4      | Noticed a kobold brigand
  1058 | D:4      | Reached XP level 4. HP: 11/29 MP: 4/4
  1065 | D:4      | Killed a kobold brigand
  1065 | D:4      | Killed from afar by an orc wizard

Illustrated notes

Levels and vault maps discovered:
D:1:      lordsloth_arrival_two_stooges, layout_basic,
          ebering_ecumenical_altar_abandoned
D:2:      minmay_kobold_bridge, layout_basic
D:4:      layout_basic, nicolae_ossuary_entry_plus, gammafunk_ghost_icy,
          uniq_grinder

Skill      XL: |  1  2 |
---------------+-------+-----
Axes           | 2 |  2.8
Fighting       | |  3.7
Armour         | |  3.8
Shields        | |  3.7

Action                   |  1- 3 |  4- 6 || total
-------------------------+-------+-------++-------
Melee: War axe           |    65 |     7 ||    72
  Use: Scroll            |     3 |       ||     3
       Potion            |     2 |       ||     2
Armor: Scale mail        |    24 |       ||    24
       Chain mail        |    19 |    11 ||    30
Dodge: Dodged            |    38 |     4 ||    42
Block: Buckler           |    21 |     3 ||    24

Table legend: (Time is in decaauts)
 A = Elapsed time spent in this place.
 B = Non-inter-level travel time spent in this place.
 C = Inter-level travel time spent in this place.
 D = Time resting spent in this place.
 E = Time spent auto-exploring this place.
 F = Levels seen in this place.
 G = Mean time per level.
                   A        B        C        D        E       F      G
               +--------+--------+--------+--------+--------+-----+--------+
         Total |   1093 |   1057 |     36 |      0 |    823 |   3 |  364.3 |
       Dungeon |   1093 |   1057 |     36 |      0 |    823 |   3 |  364.3 |
               +--------+--------+--------+--------+--------+-----+--------+

Top non-repeatable levels by time:
     D:1: 913 daAuts
     D:2: 156 daAuts
     D:4: 22 daAuts
